 Dungeon Crawl Stone Soup version 0.31.0-11-ge490571c62 (webtiles) character file.

Game seed: 10253183117375436078

3513223 sentinel the Slayer (level 20, 170/170 (212) HPs)
             Began as a Minotaur Monk on Jan 30, 2024.
             Was a Priest of Jiyva.
             Escaped with the Orb
             ... and 3 runes
             ... and 5 gems!
             The game lasted 00:43:11 (23251 turns).

sentinel the Slayer (Minotaur Monk)                Turns: 23251, Time: 00:43:12

HP:   170/170 (212) AC: 30    Str: 20    XL:     20   Next: 54%
MP:   19/19         EV: 20    Int: 10    God:    Jiyva [***...]
Gold: 494           SH: 13    Dex: 17    Spells: 19/19 levels left

rFire   + + +        C - +3 broad axe (protect)
rCold   + + .        F - +0 kite shield {rC+}
rNeg    + . .        a - +4 plate armour {rC+}
rPois   +            (helmet unavailable)
rElec   .            (no cloak)
rCorr   +            K - +2 pair of gloves
SInv    .            Y - +1 pair of boots
Will    ++...        j - amulet of Xom's Wantonness {rF+ rN+ Regen+} Stlth
                     v - +5 ring of evasion
HPRegen 2.40/turn    p - ring of willpower
MPRegen 0.72/turn

%: clarity
@: heavily drained
A: horns 3, retaliatory headbutt, agile 1, clarity, clever 1, deterioration 1,
fire resistance 2, poison resistance, weak 1, wild magic 3, translucent skin 3,
inability to drink after injury 1, engulf
0: Orb of Zot
}: 3/15 runes: decaying, slimy, abyssal
a: Renounce Religion, Oozemancy


You escaped.
You worshipped Jiyva.
Jiyva was most pleased with you.
You visited 8 branches of the dungeon, and saw 41 of its levels.
You visited the Abyss 1 time.
You also visited: Sewer, Ossuary and Ice Cave.

You collected 2023 gold pieces.
You spent 1529 gold pieces at shops.

Inventory:

Hand Weapons
 k - a +1 broad axe
 l - the +2 war axe of Lust {speed, rN+ Will- Str+3}
   (You found it on level 5 of the Pits of Slime)

   Str+3:     It affects your strength (+3).
   rN+:       It protects you from negative energy.
   Will-:     It decreases your willpower.
 C - a +3 broad axe of protection (weapon)
 N - the +16 obsidian axe {drain, demonic, Mesm ^Drain Fly SInv}
   (You found it on level 5 of the Pits of Slime)

   Mesm:      Its wielder is mesmerised by any visible foes, and it cannot be
   unequipped while any foes are visible.
   SInv:      It lets you see invisible.
   Fly:       It grants you flight.
   ^Drain:    It drains your maximum health when unequipped.
Armour
 a - a +4 plate armour of cold resistance (worn)
 i - +0 gold dragon scales
 x - +0 shadow dragon scales
 F - a +0 kite shield of cold resistance (worn)
 K - a +2 pair of gloves (worn)
 L - an orb of light
 Y - a +1 pair of boots (worn)
Jewellery
 c - a ring of protection from cold
 j - the amulet of Xom's Wantonness (around neck) {rF+ rN+ Regen+}
   (You found it on level 4 of the Dungeon)

   [amulet of regeneration]

   rF+:       It protects you from fire.
   rN+:       It protects you from negative energy.
   Regen+:    It increases your rate of health regeneration.
 p - a ring of willpower (right hand)
 s - a +6 ring of strength
 v - a +5 ring of evasion (left hand)
 y - a ring of ice
 B - an amulet of guardian spirit
 J - an amulet of the acrobat
 O - the amulet "Hyili" {Spirit Rampage Str+3 Dex+3}
   (You found it on level 5 of the Pits of Slime)

   [amulet of guardian spirit]

   Spirit:    It causes incoming damage to be divided between your reserves of
   health and magic.
   Str+3:     It affects your strength (+3).
   Dex+3:     It affects your dexterity (+3).
   Rampage:   It bestows one free step when moving towards enemies.
Talismans
 g - a flux talisman
 m - a granite talisman
Wands
 A - a wand of quicksilver (6)
 I - a wand of iceblast (2)
 P - a wand of paralysis (3)
 V - a wand of flame (36)
Scrolls
 e - 2 scrolls of revelation
 f - a scroll of fog
 r - a scroll of identify
 z - a scroll of blinking
 G - a scroll of poison
 H - 3 scrolls of vulnerability
 S - 4 scrolls of immolation
Potions
 b - 2 potions of berserk rage
 o - 2 potions of magic
 q - 5 potions of curing
 u - 3 potions of brilliance
 w - a potion of heal wounds
 E - 2 potions of enlightenment
 M - 2 potions of mutation
 T - 4 potions of attraction
 X - 4 potions of lignification
 Z - 2 potions of ambrosia
Miscellaneous
 U - a phial of floods
 W - a lightning rod (2/4)


   Skills:
 + Level 25.7 Fighting
 - Level 18.4 Axes
 + Level 21.2 Armour
 + Level 19.1 Dodging
 - Level 12.0 Shields
 - Level 6.1 Evocations


You had 19 spell levels left.
You didn't know any spells.
Your spell library contained the following spells:

 Spells                   Type           Power      Damage    Failure   Level
 Call Imp                 Summ           0%         N/A       100%        2
 Cigotuvi's Dreadful Rot  Necr/Alch/Air  0%         N/A       100%        2
 Sublimation of Blood     Necr           0%         N/A       100%        2
 Fugue of the Fallen      Necr           0%         N/A       100%        3
 Ozocubu's Armour         Ice            0%         N/A       100%        3
 Anguish                  Hex/Necr       0%         N/A       100%        4
 Cause Fear               Hex            0%         N/A       100%        4
 Ignite Poison            Fire/Alch      0%         N/A       100%        4
 Manifold Assault         Tloc           0%         N/A       100%        4
 Olgreb's Toxic Radiance  Alch           0%         N/A       100%        4
 Alistair's Intoxication  Alch           0%         N/A       100%        5
 Borgnjor's Vile Clutch   Necr/Erth      0%         N/A       100%        5
 Freezing Cloud           Conj/Ice/Air   0%         6-21      100%        5
 Eringya's Noxious Bog    Alch           0%         4d6       100%        6
 Enfeeble                 Hex            0%         N/A       100%        7
 Haunt                    Necr/Summ      0%         N/A       100%        7
 Ozocubu's Refrigeration  Ice            0%         4d7       100%        7
 Summon Hydra             Summ           0%         N/A       100%        7
 Borgnjor's Revivificati  Necr           0%         N/A       100%        8
 Discord                  Hex            0%         N/A       100%        8
 Death's Door             Necr           0%         N/A       100%        9


Dungeon Overview and Level Annotations

Branches:
Dungeon (15/15)            Temple (0/1) D:6            Lair (5/5) D:10
  Swamp (4/4) Lair:3       Spider (1/4) Lair:3        Slime (5/5) Lair:4
    Orc (2/2) D:9             Elf (0/3) Orc:2        Vaults (0/5) D:13
 Depths (4/4) D:15            Zot (5/5) Depths:4      Sewer (visited)
Ossuary (visited)           IceCv (visited)

Altars:
Dithmenos
Fedhas
Hepliaklqana
Kikubaaqudgha
Makhleb
Okawaru
Ru
Sif Muna
Trog
Uskayaw
Vehumet
Wu Jian
Yredelemnul
Jiyva
Lugonu

Shops:
D:11 ?   D:14 [   Orc:2 :(?(

Portals:
Hell: Depths:1
Abyss: Depths:1 Depths:3

Annotations:
D:3 exclusions: orc wizard and 1 more exclusion
Lair:2 exclusion: oklob plant
Slime:3 Dissolution
Slime:5 Royal Jelly


Innate Abilities, Weirdness & Mutations

You have a pair of large horns on your head.
You reflexively headbutt those who attack you in melee.
You are agile. (Dex +4, Str/Int -1)
You possess an exceptional clarity of mind.
Your mind is acute. (Int +4, Str/Dex -1)
Your body sometimes deteriorates upon taking damage.
Your flesh is very heat resistant. (rF++)
Your system is resistant to poisons. (rPois)
You are weak. (Str -2)
Your spells are much harder to cast, but much more powerful.
Your transparent skin significantly reduces your foes' accuracy. (Stealth+)
You occasionally lose the ability to drink potions when taking damage.
Your melee attacks may engulf your foes in ooze.


Message History

You partially resist.
The profane servitor attacks as it pursues you!
The profane servitor hits you but does no damage.
You partially resist.
The profane servitor hits you with a +3 demon whip of draining.
You partially resist.
You feel drained. You partially resist.
You feel drained.
The profane servitor hits you but does no damage.
You partially resist.
You block the profane servitor's attack.
The profane servitor attacks as it pursues you!
The profane servitor hits you with a +3 demon whip of draining!
The profane servitor draws strength from your injuries!
You partially resist.
You feel drained. The profane servitor misses you.
The profane servitor attacks as it pursues you!
The profane servitor hits you but does no damage.
You partially resist.
You block the profane servitor's attack.
The profane servitor hits you with a +3 demon whip of draining.
You partially resist.
You feel drained.
You block the profane servitor's attack.
A Brimstone Fiend comes into view.
The profane servitor hits you but does no damage.
You partially resist.
The profane servitor hits you but does no damage.
You partially resist.
The profane servitor attacks as it pursues you!
The profane servitor barely misses you. You furiously retaliate!
You headbutt the profane servitor! The profane servitor misses you.
Blink to where?
Press: ? - help, Dir - move target
As you read the scroll of blinking, it crumbles to dust.
There is a stone staircase leading up here.
The profane servitor misses you.
You block the profane servitor's attack.
You climb upwards.
Reactivating autopickup.
Jiyva gurgles merrily.
There is a stone staircase leading down here.
(D) Dungeon (T) Temple (L) Lair (S) Swamp (N) Spider Nest (M) Slime Pits (O) Orcish Mines (E) Elven Halls (V) Vaults (U) Depths (H) Hell (Z) Zot
Where to? (Tab/Enter - D:1 @ (x,y), ? - help)
There is a stone staircase leading up here.
You climb upwards.
There is a stone staircase leading down here.
There is a stone staircase leading up here.
You climb upwards.
There is a stone staircase leading down here.
There is a stone staircase leading up here.
You climb upwards.
There is a stone staircase leading down here.
You hear a distant slurping noise.
There is an open door here.
There is an open door here.
There is a stone staircase leading up here.
You climb upwards.
There is a stone staircase leading down here.
There is a stone staircase leading up here.
You climb upwards.
There is a stone staircase leading down here.
There is a stone staircase leading up here.
You climb upwards.
There is a stone staircase leading down here.
There is an open door here.
An orange demon comes into view.
The orange demon screeches!
Something hits the orange demon.
The orange demon is splashed with acid.
Something hits the orange demon but does no damage.
The orange demon moves out of view.
There is a stone staircase leading up here.
You climb upwards.
Level annotation: exclusions: orc wizard and 1 more exclusion
There is a stone staircase leading down here.
(D) Dungeon (T) Temple (L) Lair (S) Swamp (N) Spider Nest (M) Slime Pits (O) Orcish Mines (E) Elven Halls (V) Vaults (U) Depths (H) Hell (Z) Zot
Where to? (Tab/Enter - D:1 @ (x,y), ? - help)
An Orb Guardian comes into view.
You slash the Orb Guardian!
Your weapon exudes an aura of protection.
The Orb Guardian is lightly wounded.
You block the Orb Guardian's attack. You block the Orb Guardian's attack.
You block the Orb Guardian's attack. The Orb Guardian hits you!
You completely miss the Orb Guardian.
The Orb Guardian is lightly wounded.
The Orb Guardian hits you but does no damage.
You slice the Orb Guardian!!
Your weapon exudes an aura of protection.
The Orb Guardian is moderately wounded.
You block the Orb Guardian's attack. You block the Orb Guardian's attack.
The Orb Guardian hits you but does no damage.
You hit the Orb Guardian but do no damage.
You headbutt the Orb Guardian!
The Orb Guardian is moderately wounded.
The Orb Guardian hits you!
You slash the Orb Guardian!
The Orb Guardian is heavily wounded.
You block the Orb Guardian's attack.
The Orb Guardian attacks as it pursues you!
You block the Orb Guardian's attack.
You slash the Orb Guardian!
You headbutt the Orb Guardian, but do no damage.
The Orb Guardian is severely wounded.
You block the Orb Guardian's attack.
The Orb Guardian hits you but does no damage.
You barely miss the Orb Guardian.
The Orb Guardian is severely wounded.
The Orb Guardian hits you!
You barely miss the Orb Guardian. You headbutt the Orb Guardian!
The Orb Guardian is severely wounded.
The Orb Guardian hits you but does no damage.
You barely miss the Orb Guardian. Your headbutt misses the Orb Guardian.
The Orb Guardian is severely wounded.
You block the Orb Guardian's attack.
You slash the Orb Guardian!
Your weapon exudes an aura of protection.
The Orb Guardian is almost dead.
You block the Orb Guardian's attack.
You slash the Orb Guardian!
The Orb Guardian is almost dead.
The Orb Guardian closely misses you. The Orb Guardian misses you.
You furiously retaliate!
You headbutt the Orb Guardian. You slice the Orb Guardian!!
You kill the Orb Guardian!
There is a stone staircase leading up here.
You climb upwards.
There is a stone staircase leading down here.
(D) Dungeon (T) Temple (L) Lair (S) Swamp (N) Spider Nest (M) Slime Pits (O) Orcish Mines (E) Elven Halls (V) Vaults (U) Depths (H) Hell (Z) Zot
Where to? (Tab/Enter - D:1 @ (x,y), ? - help) HP restored.
A rakshasa comes into view. It is wielding a +0 trident.
Blink to where?
Press: ? - help, Dir - move target
As you read the scroll of blinking, it crumbles to dust.
The rakshasa hits the jelly with a +0 trident!!
The jelly dies!
You climb upwards.
There is a stone staircase leading down here.
Blink to where?
Press: ? - help, Dir - move target
As you read the scroll of blinking, it crumbles to dust.
You swap places.
There is a staircase leading out of the dungeon here.
You have escaped!

#.# #.#....)#..##.......# #..
#.# #..............#.#### ##.
#.# #..#.......#...#.# #.
###.###.###.....###.##.# #.
#........#.......#..##.# #.
#.#.##..............##.# #.
#.#####.....>#.........# #> #.#
#.....###...J..### #. #.#
#......#@......# #. #.#
##..............# #.
#.####...#.......#...#########.
#.......###.....###............
######...#.......#..#####.####.
#..............# #.# #.
#......####.##.# #.# #.
#..............#####.####.
#......####.#..ยง........##


You could see a neutral jelly (wandering) (fellow slime).

Vanquished Creatures
  6 dread liches (Zot:5)
  5 orbs of fire (Zot:5)
  An ancient lich (Zot:5)
  Boris (twice) (Depths:1 Depths:2)
  2 Killer Klowns (Zot:5)
  3 golden dragons
  An electric golem (Zot:5)
  4 tentacled monstrosities
  25 Orb Guardians
  2 quicksilver dragons
  3 death cobs
  An Executioner (Zot:5)
  An eldritch tentacle (Abyss:3)
  Frances (D:14)
  2 thorn hunters (Swamp:4)
  6 storm dragons
  A tentacled starspawn (Abyss:4)
  3 shadow dragons
  2 draconian knights
  2 fire giants
  A frost giant (Depths:1)
  A draconian monk (Zot:5)
  An emperor scorpion (Spider:1)
  A ghost moth (Zot:5)
  A protean progenitor (Zot:5)
  2 draconian shifters
  4 draconian scorchers
  2 draconian stormcallers
  3 draconian annihilators
  A ghoul (Swamp:4)
  15 very ugly things
  An orc warlord (Orc:2)
  3 stone giants
  4 green draconians
  3 vampire knights
  7 black draconians
  3 spark wasps (Depths:1)
  2 bunyips
  A lorocyproca (Abyss:3)
  4 white draconians
  4 yellow draconians
  5 red draconians
  4 purple draconians
  An ettin (Orc:2)
  2 jiangshi (Depths:1)
  5 fire dragons
  2 shambling mangroves (Swamp:4)
  Snorg (Lair:5)
  An entropy weaver (Spider:1)
  5 ice dragons
  A vault guard (D:13)
  A hell beast (D:15)
  The ghost of Daviar the Basher, a journeyman HuDe of Okawaru (Lair:1)
  A catoblepas (Lair:3)
  4 centaur warriors
  An ogre mage (D:12)
  15 hydras
  A merfolk avatar (Abyss:3)
  2 alligators (Swamp:4)
  A spriggan air mage (Depths:3)
  8 boulder beetles
  14 two-headed ogres
  4 hell hogs
  2 spriggan berserkers (Depths:3)
  5 tengu warriors
  4 orc high priests (Orc:2)
  4 death yaks (IceCv)
  A deep troll shaman (Depths:1)
  3 deep troll earth magi
  A vampire mage (Depths:1)
  3 occultists
  Nergalle (Orc:1)
  A thrashing horror (Abyss:3)
  A hell knight (Depths:4)
  A skyshark (Lair:4)
  A shadow wraith (Abyss:2)
  3 iron trolls
  A salamander mystic (Depths:3)
  2 wretched stars
  2 goliath frogs
  A fire crab (Lair:5)
  A deep troll (shapeshifter) (Depths:4)
  A sun moth (Spider:1)
  An arcanist (D:13)
  8 swamp dragons
  A bog body (Swamp:2)
  6 spectral hydras (Swamp:4)
  5 spriggan druids
  The ghost of Raspi the Protected, a novice AtBr of Hepliaklqana (D:5)
  8 deep trolls
  3 phantasmal warriors
  3 deep elf pyromancers (D:14)
  A lindwurm (Lair:5)
  5 large abominations (Abyss:3)
  4 orc knights
  6 orc sorcerers
  2 oklob plants (Swamp:4)
  2 will-o-the-wisps (Swamp:3)
  4 manticores
  13 ugly things
  4 salamanders (Depths:3)
  7 cyclopes
  11 moths of wrath
  A worldbinder (Abyss:3)
  3 kobold blastminers
  8 elephants
  3 meliai (D:15)
  A smoke demon (Abyss:3)
  An orange demon (Abyss:1)
  4 black mambas
  A molten gargoyle (Lair:1)
  A gargoyle (D:11)
  An ice statue (IceCv)
  2 unseen horrors
  8 cane toads
  A torpor snail (Lair:3)
  9 rime drakes
  2 ice devils (Lair:2)
  4 komodo dragons
  A freezing wraith (D:15)
  A rime drake (shapeshifter) (D:14)
  2 efreet (D:15)
  A red devil (Depths:4)
  3 tengu conjurers
  15 trolls
  A wolf spider simulacrum (D:13)
  2 hydra zombies (Swamp:4)
  14 hornets
  3 tyrant leeches
  14 polar bears
  10 blink frogs
  7 raiju
  A raiju (shapeshifter) (D:14)
  7 dream sheep (Lair:3)
  A hydra skeleton (Swamp:4)
  2 jumping spiders (Spider:1)
  A shadow (D:11)
  7 wyverns
  2 ynoxinuls
  31 yaks
  7 spriggans
  6 basilisks
  6 wraiths
  5 starcursed masses
  2 neqoxecs
  A warg (shapeshifter) (D:13)
  Eustachio (D:5)
  A chaos spawn (Abyss:3)
  3 redbacks
  2 steam dragons (D:7)
  9 vampire mosquitoes
  4 wargs
  Edmund (D:6)
  15 water moccasins
  9 swamp worms
  9 hell hounds (Lair:5)
  An ice beast (D:5)
  A black bear (shapeshifter) (D:14)
  7 swamp drakes
  9 black bears
  8 ogres
  A sky beast (D:5)
  2 laughing skulls (D:13)
  38 orc warriors
  A swamp dragon zombie (Swamp:4)
  11 centaurs
  A small abomination (Abyss:3)
  46 wolves
  A crocodile (Sewer)
  2 phantoms
  A kobold brigand (D:10)
  A weeping skull (Ossuary)
  A brain worm (Sewer)
  9 bullfrogs
  A gnoll sergeant (D:8)
  A scorpion (D:6)
  6 water moccasin zombies (Ossuary)
  2 howler monkeys (D:11)
  3 electric eels
  A lava snake (Lair:1)
  5 bombardier beetles
  A crimson imp (D:10)
  A gnoll bouda (D:8)
  2 hounds (D:5)
  23 orc priests
  2 iron imps (Abyss:3)
  16 orc wizards
  5 iguanas
  2 hell rats (Lair:3)
  3 crocodile zombies (Ossuary)
  2 mummies
  4 gnolls
  6 adders
  10 river rats
  A swamp drake skeleton (Swamp:4)
  2 swamp drake zombies (Swamp:4)
  4 white imps
  3 ufetubi
  A dart slug (D:4)
  3 ribbon worms
  77 orcs
  3 giant cockroaches
  5 gnoll zombies (Ossuary)
  4 goblins
  6 hobgoblins
  4 jackals (D:3)
  7 kobolds
  A quokka (D:5)
  A ball python (D:1)
  13 bats
  A frilled lizard (D:1)
  A goblin zombie (D:4)
  4 orc zombies (Ossuary)
  8 rats
994 creatures vanquished.

Vanquished Creatures (collateral kills)
  A curse toe (Zot:3)
  2 bone dragons
  2 tentacled monstrosities (Abyss:3)
  A death cob (Zot:3)
  A tengu reaver (Depths:4)
  A shadow dragon (Zot:4)
  2 draconian shifters
  A fire giant (Depths:1)
  An orc warlord (Orc:2)
  A ghoul (Swamp:4)
  A hydra skeleton (Swamp:4)
  An occultist (Abyss:3)
  A red draconian (Zot:1)
  A purple draconian (Depths:4)
  Josephine (Lair:5)
  3 ice dragons
  3 hydras
  A catoblepas (Lair:5)
  A rakshasa (D:14)
  A two-headed ogre (Orc:2)
  A deep troll earth mage (Depths:1)
  2 thrashing horrors
  An orc high priest (Orc:2)
  A wretched star (Abyss:3)
  3 deep trolls (Depths:1)
  A goliath frog (Swamp:4)
  A phantasmal warrior (Swamp:4)
  4 swamp dragons (Swamp:3)
  An orc knight (Orc:2)
  An oklob plant (Swamp:4)
  An elephant (Lair:4)
  A moth of wrath (Zot:4)
  A worldbinder (Abyss:3)
  A cane toad (Lair:5)
  A large abomination (Abyss:3)
  2 polar bears (Lair:5)
  A hornet (Swamp:4)
  A raiju (Abyss:3)
  A blink frog (Abyss:3)
  2 spriggans (Swamp:4)
  2 wargs (Lair:5)
  A redback (Lair:3)
  A vampire mosquito (D:11)
  6 hell hounds (Lair:5)
  2 swamp drakes (Swamp:3)
  5 black bears (Lair:5)
  3 orc warriors (Orc:2)
  2 ogres (Orc:2)
  3 wolves (Lair:5)
  A centaur (D:15)
  A small abomination (Abyss:3)
  4 orc priests (Orc:2)
  3 starcursed masses (Abyss:3)
  2 orc wizards (Orc:2)
  A mummy (Ossuary)
  A swamp drake zombie (Swamp:4)
  An ufetubus (Abyss:3)
  8 orcs (Orc:2)
  A lurking horror (Abyss:3)
103 creatures vanquished.

Vanquished Creatures (others)
  2 acid blobs (Zot:5)
  A fire giant (Depths:2)
  An azure jelly (Zot:5)
  A green draconian (Zot:1)
  A great orb of eyes (D:15)
  A two-headed ogre (D:14)
  A death yak (IceCv)
  A boulder beetle (D:14)
  A deep troll shaman (Depths:3)
  An arcanist (D:14)
  2 glowing orange brains
  A swamp dragon (Swamp:4)
  A glowing orange brain (shapeshifter) (D:15)
  An orc knight (Orc:1)
  An ugly thing (D:15)
  3 cyclopes
  A moth of wrath (Zot:1)
  A kobold blastminer (Orc:2)
  A gargoyle (D:12)
  A cane toad (Lair:2)
  2 rime drakes (IceCv)
  A polar bear (IceCv)
  3 glass eyes
  13 slime creatures
  A yak (IceCv)
  A basilisk (D:14)
  A golden eye (Abyss:2)
  A water moccasin (Lair:2)
  An orc warrior (Orc:2)
  A black bear (D:10)
  An ogre (Orc:2)
  A wolf (Lair:5)
  A centaur (D:8)
  An electric eel (D:8)
  A howler monkey (D:14)
  108 jellies
  A hound (D:4)
  5 orc priests
  A sleepcap (D:6)
  2 iguanas
  5 orc wizards
  3 gnolls (D:8)
  An adder (D:2)
  A gnoll (shapeshifter) (Abyss:2)
  2 river rats (D:6)
  An adder zombie (Ossuary)
  A ribbon worm (D:4)
  24 orcs
  2 ball pythons
  A bat (D:3)
  3 endoplasms (shapeshifter) (Abyss:2)
  2 endoplasms
  A giant cockroach (D:4)
  2 hobgoblins
  A kobold (D:3)
  A quokka (D:4)
  A gnoll zombie (Ossuary)
  A hobgoblin zombie (D:4)
  A jackal zombie (Ossuary)
  3 rats
  A rat (shapeshifter) (Abyss:2)
  2 foxfires (Swamp:3)
231 creatures vanquished.

Grand Total: 1328 creatures vanquished

Notes
Turn   | Place    | Note
-------+----------+-------------------------------------------
     0 | D:1      | sentinel the Minotaur Monk began the quest for the Orb.
     0 | D:1      | Reached XP level 1. HP: 19/19 MP: 0/0
   202 | D:1      | Found a faded altar of an unknown god.
   214 | D:1      | Prayed at the altar of an unknown god.
   214 | D:1      | Became a worshipper of Jiyva Jobomyfi the Shapeless
   214 | D:1      | Reached * piety under Jiyva
   214 | D:1      | Reached ** piety under Jiyva
   287 | D:1      | Reached XP level 2. HP: 26/26 MP: 1/1
   397 | D:1      | Reached *** piety under Jiyva
   637 | D:2      | Gained mutation: Your mind is acute. (Int +4, Str/Dex -1)
                  | [Jiyva's grace]
   637 | D:2      | Gained mutation: Your mind is very acute. (Int +8, Str/Dex
                  | -2) [Jiyva's grace]
   637 | D:2      | Gained mutation: You have an increased reservoir of magic.
                  | (+10% MP) [Jiyva's grace]
   637 | D:2      | Gained mutation: You have a considerably increased
                  | reservoir of magic. (+20% MP) [Jiyva's grace]
   865 | D:2      | Reached skill level 5 in Axes
  1153 | D:3      | Noticed a bombardier beetle
  1155 | D:3      | Killed a bombardier beetle
  1156 | D:3      | Reached XP level 3. HP: 27/31 MP: 2/2
  1208 | D:3      | Reached **** piety under Jiyva
  1252 | D:3      | Reached XP level 4. HP: 36/39 MP: 3/3
  1319 | D:3      | Found a shimmering blue altar of Sif Muna.
  1423 | D:3      | Found a shadowy altar of Dithmenos.
  1483 | D:3      | Found a bloodstained altar of Trog.
  1605 | D:4      | Identified the amulet of Xom's Wantonness {rF+ rN+ Regen+}
  1704 | D:4      | Reached XP level 5. HP: 33/45 MP: 5/5
  1900 | D:4      | Found a sand-covered staircase.
  1907 | D:4      | Reached XP level 6. HP: 38/51 MP: 6/6
  1910 | Ossuary  | Entered an ossuary
  1969 | Ossuary  | Reached ***** piety under Jiyva
  2014 | Ossuary  | Reached XP level 7. HP: 30/57 MP: 7/7
  2016 | Ossuary  | Reached skill level 10 in Axes
  2303 | D:4      | Gained mutation: You have a pair of large horns on your
                  | head. [Jiyva's grace]
  2303 | D:4      | Gained mutation: You are robust. (+10% HP) [Jiyva's grace]
  2303 | D:4      | Gained mutation: You are very robust. (+20% HP) [Jiyva's
                  | grace]
  2303 | D:4      | Gained mutation: You are extremely robust. (+30% HP)
                  | [Jiyva's grace]
  2479 | D:5      | Entered Level 5 of the Dungeon
  2568 | D:5      | Noticed Eustachio
  2582 | D:5      | Killed Eustachio
  2583 | D:5      | Reached skill level 4 in Fighting
  2583 | D:5      | Reached XP level 8. HP: 85/85 MP: 8/8
  2857 | D:5      | Identified the +9 demon whip "Waoqoir" {vamp, rF+ Str+6}
  3040 | D:5      | Found a runed translucent door.
  3109 | D:5      | Reached skill level 5 in Fighting
  3221 | D:5      | Noticed Raspi's ghost (novice AtBr)
  3294 | D:5      | Killed Raspi's ghost
  3295 | D:5      | Reached skill level 6 in Fighting
  3295 | D:5      | Reached XP level 9. HP: 80/101 MP: 9/9
  3393 | D:6      | Reached ****** piety under Jiyva
  3429 | D:6      | Noticed Edmund
  3438 | D:6      | Killed Edmund
  3475 | D:6      | Lost mutation: Your mind is very acute. (Int +8, Str/Dex
                  | -2) [Jiyva's grace]
  3475 | D:6      | Gained mutation: Your natural rate of healing is unusually
                  | fast. [Jiyva's grace]
  3475 | D:6      | Gained mutation: You heal very quickly. [Jiyva's grace]
  3475 | D:6      | Gained mutation: You regenerate. [Jiyva's grace]
  3475 | D:6      | Gained mutation: Your rubbery body absorbs attacks. (AC +1,
                  | EV +1) [Jiyva's grace]
  3607 | D:6      | Identified the +6 short sword "Hetaobb" {antimagic, Str+3
                  | Int+4}
  3615 | D:6      | Found a staircase to the Ecumenical Temple.
  3817 | D:6      | Identified the +3 dagger of Duwoojed {speed, Dex+2}
  3866 | D:6      | Reached skill level 7 in Fighting
  3904 | D:6      | Found a glowing drain.
  3908 | Sewer    | Entered a sewer
  4235 | D:6      | Found a hazy altar of Hepliaklqana.
  4325 | D:6      | Found a sacrificial altar of Ru.
  4414 | D:7      | Noticed a troll
  4419 | D:7      | Killed a troll
  4460 | D:7      | Found an ancient bone altar of Kikubaaqudgha.
  4483 | D:7      | Reached skill level 8 in Fighting
  4683 | D:7      | Reached skill level 9 in Fighting
  4760 | D:7      | Lost mutation: You have a pair of large horns on your head.
                  | [Jiyva's grace]
  4760 | D:7      | Lost mutation: You regenerate. [Jiyva's grace]
  4760 | D:7      | Gained mutation: Your system is resistant to poisons.
                  | (rPois) [Jiyva's grace]
  4760 | D:7      | Gained mutation: You have hidden genetic potential.
                  | [Jiyva's grace]
  4760 | D:7      | Gained mutation: You have great hidden genetic potential.
                  | [Jiyva's grace]
  4760 | D:7      | Gained mutation: Your mind is very acute. (Int +8, Str/Dex
                  | -2) [Jiyva's grace]
  5497 | D:9      | Noticed a two-headed ogre
  5497 | D:9      | Noticed a two-headed ogre
  5504 | D:9      | Killed a two-headed ogre
  5505 | D:9      | Reached skill level 10 in Fighting
  5505 | D:9      | Reached XP level 10. HP: 107/120 MP: 11/11
  5505 | D:9      | Killed a two-headed ogre
  5651 | D:9      | Reached skill level 15 in Axes
  5888 | D:9      | Found an ornate altar of the Wu Jian Council.
  5916 | D:9      | Gained mutation: You possess an exceptional clarity of
                  | mind. [hidden potential]
  5918 | D:9      | Found a staircase to the Orcish Mines.
  6085 | D:9      | Noticed a two-headed ogre
  6093 | D:9      | Killed a two-headed ogre
  6094 | D:9      | Reached skill level 11 in Fighting
  6195 | D:10     | Entered Level 10 of the Dungeon
  6317 | D:10     | Lost mutation: Your mind is very acute. (Int +8, Str/Dex
                  | -2) [Jiyva's grace]
  6317 | D:10     | Lost mutation: You have a considerably increased reservoir
                  | of magic. (+20% MP) [Jiyva's grace]
  6317 | D:10     | Lost mutation: You are extremely robust. (+30% HP) [Jiyva's
                  | grace]
  6317 | D:10     | Lost mutation: Your rubbery body absorbs attacks. (AC +1,
                  | EV +1) [Jiyva's grace]
  6317 | D:10     | Lost mutation: You have great hidden genetic potential.
                  | [Jiyva's grace]
  6317 | D:10     | Gained mutation: You are strong-willed. (Will+) [Jiyva's
                  | grace]
  6317 | D:10     | Gained mutation: You are highly strong-willed. (Will++)
                  | [Jiyva's grace]
  6317 | D:10     | Gained mutation: You are extremely strong-willed. (Will+++)
                  | [Jiyva's grace]
  6317 | D:10     | Gained mutation: You have a pair of large horns on your
                  | head. [Jiyva's grace]
  6335 | D:10     | Noticed a two-headed ogre
  6343 | D:10     | Slimified a two-headed ogre
  6343 | D:10     | a two-headed ogre changed into a slime creature
  6458 | D:10     | Found a staircase to the Lair.
  6472 | D:10     | Reached skill level 12 in Fighting
  6519 | D:10     | Found a burning altar of Makhleb.
  6520 | D:10     | Found a radiant altar of Vehumet.
  6541 | D:10     | Reached XP level 11. HP: 104/124 MP: 11/11
  6720 | D:10     | Found a hide-covered altar of Uskayaw.
  6942 | Lair:1   | Entered Level 1 of the Lair of Beasts
  7001 | Lair:1   | Found a transporter.
  7011 | Lair:1   | Noticed Daviar's ghost (journeyman HuDe)
  7077 | Lair:1   | Gained mutation: You have very sharp teeth. [hidden
                  | potential]
  7077 | Lair:1   | Lost mutation: You have hidden genetic potential. [hidden
                  | potential expressed]
  7086 | Lair:1   | Found a transporter.
  7136 | Lair:1   | Reached skill level 13 in Fighting
  7598 | Lair:2   | Lost mutation: You have a pair of large horns on your head.
                  | [Jiyva's grace]
  7598 | Lair:2   | Lost mutation: You have an increased reservoir of magic.
                  | (+10% MP) [Jiyva's grace]
  7598 | Lair:2   | Lost mutation: You are extremely strong-willed. (Will+++)
                  | [Jiyva's grace]
  7598 | Lair:2   | Lost mutation: You heal very quickly. [Jiyva's grace]
  7598 | Lair:2   | Gained mutation: Your rubbery body absorbs attacks. (AC +1,
                  | EV +1) [Jiyva's grace]
  7598 | Lair:2   | Gained mutation: Your pliable body absorbs attacks. (AC +2,
                  | EV +2) [Jiyva's grace]
  7598 | Lair:2   | Gained mutation: Your gelatinous body deflects attacks. (AC
                  | +3, EV +3) [Jiyva's grace]
  7598 | Lair:2   | Gained mutation: You are partially covered in iridescent
                  | scales. (AC +2) [Jiyva's grace]
  7662 | Lair:2   | Reached skill level 14 in Fighting
  7683 | Lair:2   | Noticed a catoblepas
  7694 | Lair:2   | Slimified a catoblepas
  7694 | Lair:2   | a catoblepas changed into a slime creature
  7742 | Lair:2   | Found a frozen archway.
  7766 | IceCv    | Entered an ice cave
  7796 | IceCv    | Reached XP level 12. HP: 140/141 MP: 11/11
  7827 | IceCv    | Reached skill level 15 in Fighting
  7850 | IceCv    | Noticed a death yak
  7865 | IceCv    | Killed a death yak
  7928 | IceCv    | Noticed a death yak
  7928 | IceCv    | Noticed a frost giant
  7932 | IceCv    | Noticed a death yak
  7937 | IceCv    | Slimified a frost giant
  7937 | IceCv    | a frost giant changed into an azure jelly
  7937 | IceCv    | Noticed an azure jelly
  7939 | IceCv    | Killed a death yak
  7941 | IceCv    | Killed a death yak
  7942 | IceCv    | Reached skill level 5 in Armour
  8088 | IceCv    | Noticed a death yak
  8101 | IceCv    | Killed a death yak
  8102 | IceCv    | Noticed a death yak
  8114 | IceCv    | Killed a death yak
  8349 | Lair:3   | Reached skill level 5 in Dodging
  8374 | Lair:3   | You fall into a shaft and drop 1 floor!
  8374 | Lair:4   | Found a staircase to the Slime Pits.
  8375 | Lair:4   | Noticed a five-headed hydra
  8378 | Slime:1  | Entered Level 1 of the Pits of Slime
  8384 | Slime:1  | Noticed a great orb of eyes
  8385 | Slime:2  | Noticed an acid blob
  8385 | Slime:2  | Noticed an acid blob
  8385 | Slime:2  | Noticed an acid blob
  8389 | Slime:3  | Noticed Dissolution
  8397 | Slime:3  | Noticed a formless jellyfish
  8401 | Slime:3  | Noticed a formless jellyfish
  8404 | Slime:3  | Noticed an acid blob
  8405 | Slime:3  | Noticed an azure jelly
  8409 | Slime:3  | Noticed a formless jellyfish
  8416 | Slime:3  | Noticed a quicksilver ooze
  8461 | Slime:3  | Noticed a great orb of eyes
  8489 | Slime:5  | Entered Level 5 of the Pits of Slime
  8495 | Slime:5  | Noticed an acid blob
  8506 | Slime:5  | Noticed a great orb of eyes
  8513 | Slime:5  | Noticed a quicksilver ooze
  8514 | Slime:5  | Noticed a rockslime
  8526 | Slime:5  | Noticed a rockslime
  8542 | Slime:5  | Noticed a rockslime
  8544 | Slime:5  | Noticed an acid blob
  8554 | Slime:5  | Noticed an azure jelly
  8574 | Slime:5  | Noticed an acid blob
  8592 | Slime:5  | Noticed a formless jellyfish
  8592 | Slime:5  | Noticed a formless jellyfish
  8592 | Slime:5  | Noticed a rockslime
  8593 | Slime:5  | Noticed a rockslime
  8594 | Slime:5  | Noticed an acid blob
  8596 | Slime:5  | Noticed an acid blob
  8670 | Slime:5  | Noticed a great orb of eyes
  8683 | Slime:5  | Noticed a quicksilver ooze
  8691 | Slime:5  | Noticed the Royal Jelly
  8702 | Slime:5  | Noticed a rockslime
  8704 | Slime:5  | Found a viscous altar of Jiyva.
  8712 | Slime:5  | Noticed an acid blob
  8716 | Slime:5  | Found the +16 obsidian axe {drain, demonic, Mesm ^Drain Fly
                  | SInv}
  8722 | Slime:5  | Identified the +10 halberd of Internal Strife {venom, *Slow
                  | Fly rPois Will+++}
  8724 | Slime:5  | Identified the +2 war axe of Lust {speed, rN+ Will- Str+3}
  8739 | Slime:5  | Identified the +4 morningstar "Ycrud" {drain, Str+3}
  8741 | Slime:5  | Got a slimy rune of Zot
  8743 | Slime:5  | Got a starry gem with 237 turns to spare
  8745 | Slime:5  | Identified the amulet "Hyili" {Spirit Rampage Str+3 Dex+3}
  8748 | Slime:5  | Identified the +5 quarterstaff of Law {flame, Dex+2}
  8787 | Slime:5  | Noticed a quicksilver ooze
  8811 | Slime:5  | Noticed an acid blob
  8853 | Lair:4   | Killed an eight-headed hydra
  8854 | Lair:4   | Reached skill level 16 in Fighting
  9045 | Lair:4   | Reached XP level 13. HP: 153/153 MP: 12/12
  9232 | Lair:4   | You are sucked into a shaft and drop 1 floor!
  9232 | Lair:5   | Entered Level 5 of the Lair of Beasts
  9250 | Lair:5   | Reached skill level 10 in Armour
  9276 | Lair:5   | Lost mutation: You possess an exceptional clarity of mind.
                  | [Jiyva's grace]
  9276 | Lair:5   | Lost mutation: You are highly strong-willed. (Will++)
                  | [Jiyva's grace]
  9276 | Lair:5   | Lost mutation: You are strong-willed. (Will+) [Jiyva's
                  | grace]
  9276 | Lair:5   | Lost mutation: Your system is resistant to poisons. (rPois)
                  | [Jiyva's grace]
  9276 | Lair:5   | Lost mutation: Your gelatinous body deflects attacks. (AC
                  | +3, EV +3) [Jiyva's grace]
  9276 | Lair:5   | Lost mutation: Your pliable body absorbs attacks. (AC +2,
                  | EV +2) [Jiyva's grace]
  9276 | Lair:5   | Gained mutation: You have sharp toenails. [Jiyva's grace]
  9276 | Lair:5   | Gained mutation: You have razor-sharp toenails. [Jiyva's
                  | grace]
  9276 | Lair:5   | Gained mutation: You have claws for feet. [Jiyva's grace]
  9276 | Lair:5   | Gained mutation: You have a small jelly attached to you
                  | that senses nearby items. [Jiyva's grace]
  9334 | Lair:5   | Noticed Josephine
  9340 | Lair:5   | Killed Josephine
  9548 | Lair:5   | Reached skill level 17 in Fighting
  9565 | Lair:5   | Got an earthy gem with 2192 turns to spare
 10085 | Lair:5   | Noticed Snorg
 10090 | Lair:5   | Killed Snorg
 10091 | Lair:5   | Reached XP level 14. HP: 168/168 MP: 13/13
 11002 | Lair:3   | Found a hole to the Spider Nest.
 11256 | Lair:3   | Found a staircase to the Swamp.
 11667 | Lair:2   | Lost mutation: You have claws for feet. [Jiyva's grace]
 11667 | Lair:2   | Lost mutation: You have razor-sharp toenails. [Jiyva's
                  | grace]
 11667 | Lair:2   | Lost mutation: You are partially covered in iridescent
                  | scales. (AC +2) [Jiyva's grace]
 11667 | Lair:2   | Lost mutation: Your rubbery body absorbs attacks. (AC +1,
                  | EV +1) [Jiyva's grace]
 11667 | Lair:2   | Gained mutation: You have a small jelly attached to you
                  | that may absorb projectiles. [Jiyva's grace]
 11667 | Lair:2   | Gained mutation: You are partially covered in large bone
                  | plates. (SH +4) [Jiyva's grace]
 11667 | Lair:2   | Gained mutation: You are mostly covered in large bone
                  | plates. (SH +6) [Jiyva's grace]
 11667 | Lair:2   | Gained mutation: You are completely covered in large bone
                  | plates. (SH +8) [Jiyva's grace]
 12015 | Lair:1   | Found a hide-covered altar of Uskayaw.
 12413 | Lair:1   | Killed Daviar's ghost
 12510 | Orc:1    | Entered Level 1 of the Orcish Mines
 12745 | Orc:1    | Noticed Nergalle
 12750 | Orc:1    | Killed Nergalle
 12919 | Orc:2    | Entered Level 2 of the Orcish Mines
 12968 | Orc:2    | Reached skill level 1 in Evocations
 13004 | Orc:2    | Reached skill level 18 in Fighting
 13071 | Orc:2    | Found Veuzien's Antique Weapon Shop.
 13086 | Orc:2    | Bought a broad axe for 132 gold pieces
 13093 | Orc:2    | Found Zeomih's Magic Scroll Boutique.
 13114 | Orc:2    | Reached skill level 10 in Dodging
 13584 | Orc:2    | Noticed an orc warlord
 13599 | Orc:2    | Killed an orc warlord
 13695 | Orc:2    | Found Reso Vua's Antique Weapon Emporium.
 13742 | Orc:2    | Found Jouwk's Book Shoppe.
 13863 | Orc:2    | Reached skill level 19 in Fighting
 13863 | Orc:2    | Reached XP level 15. HP: 171/182 MP: 14/14
 13973 | Orc:2    | Found a staircase to the Elven Halls.
 14159 | Orc:2    | Bought a scroll of enchant armour for 105 gold pieces
 14159 | Orc:2    | Bought a scroll of teleportation for 42 gold pieces
 14159 | Orc:2    | Bought a scroll of identify for 28 gold pieces
 14159 | Orc:2    | Bought a scroll of fear for 56 gold pieces
 14159 | Orc:2    | Bought a scroll of revelation for 105 gold pieces
 14304 | D:11     | Found Oteawnef's Magic Scroll Shoppe.
 14312 | D:11     | Bought a scroll of blinking for 112 gold pieces
 14312 | D:11     | Bought a scroll of enchant weapon for 112 gold pieces
 14749 | D:11     | Lost mutation: You are completely covered in large bone
                  | plates. (SH +8) [Jiyva's grace]
 14749 | D:11     | Lost mutation: Your mind is acute. (Int +4, Str/Dex -1)
                  | [Jiyva's grace]
 14749 | D:11     | Lost mutation: You are very robust. (+20% HP) [Jiyva's
                  | grace]
 14749 | D:11     | Lost mutation: You are robust. (+10% HP) [Jiyva's grace]
 14749 | D:11     | Lost mutation: You have a small jelly attached to you that
                  | may absorb projectiles. [Jiyva's grace]
 14749 | D:11     | Gained mutation: Your melee attacks may engulf your foes in
                  | ooze. [Jiyva's grace]
 14749 | D:11     | Gained mutation: Your translucent skin slightly reduces
                  | your foes' accuracy. (Stealth+) [Jiyva's grace]
 14749 | D:11     | Gained mutation: Your translucent skin reduces your foes'
                  | accuracy. (Stealth+) [Jiyva's grace]
 14749 | D:11     | Gained mutation: Your transparent skin significantly
                  | reduces your foes' accuracy. (Stealth+) [Jiyva's grace]
 15074 | D:12     | Found Kiklin's Distillery.
 15089 | D:12     | Bought a potion of curing for 45 gold pieces
 15089 | D:12     | Bought a potion of heal wounds for 75 gold pieces
 15089 | D:12     | Bought 2 potions of curing for 90 gold pieces
 15089 | D:12     | Bought a potion of might for 60 gold pieces
 15089 | D:12     | Bought a potion of haste for 150 gold pieces
 15089 | D:12     | Bought 2 potions of curing for 90 gold pieces
 15089 | D:12     | Bought a potion of lignification for 45 gold pieces
 15089 | D:12     | Bought a potion of degeneration for 15 gold pieces
 15089 | D:12     | Bought a potion of enlightenment for 75 gold pieces
 15378 | D:13     | Identified the staff of Accord {rPois rC+ Str+4 Int+3 Ice}
 15689 | D:13     | Reached skill level 5 in Evocations
 15826 | D:13     | Reached skill level 20 in Fighting
 15840 | D:13     | Found a gate to the Vaults.
 15982 | D:13     | Lost mutation: You have a small jelly attached to you that
                  | senses nearby items. [Jiyva's grace]
 15982 | D:13     | Lost mutation: Your melee attacks may engulf your foes in
                  | ooze. [Jiyva's grace]
 15982 | D:13     | Gained mutation: You have a pair of large horns on your
                  | head. [Jiyva's grace]
 15982 | D:13     | Gained mutation: You are somewhat resistant to further
                  | mutation. [Jiyva's grace]
 15982 | D:13     | Gained mutation: You are somewhat resistant to both further
                  | mutation and mutation removal. [Jiyva's grace]
 15982 | D:13     | Gained mutation: You are almost entirely resistant to
                  | further mutation and mutation removal. [Jiyva's grace]
 16243 | D:14     | Found Lohiusem's Armour Shop.
 16246 | D:14     | Bought a +1 pair of gloves for 138 gold pieces
 16246 | D:14     | Bought a +0 pair of boots for 54 gold pieces
 16577 | D:14     | Noticed Frances
 16587 | D:14     | Killed Frances
 16810 | D:14     | Found an iron altar of Okawaru.
 17074 | D:15     | Entered Level 15 of the Dungeon
 17083 | D:15     | Reached skill level 1 in Shields
 17407 | D:15     | Lost mutation: You are almost entirely resistant to further
                  | mutation and mutation removal. [Jiyva's grace]
 17407 | D:15     | Lost mutation: Your natural rate of healing is unusually
                  | fast. [Jiyva's grace]
 17407 | D:15     | Gained mutation: You are agile. (Dex +4, Str/Int -1)
                  | [Jiyva's grace]
 17407 | D:15     | Gained mutation: You are very agile. (Dex +8, Str/Int -2)
                  | [Jiyva's grace]
 17407 | D:15     | Gained mutation: Your mind is acute. (Int +4, Str/Dex -1)
                  | [Jiyva's grace]
 17407 | D:15     | Gained mutation: Your mind is very acute. (Int +8, Str/Dex
                  | -2) [Jiyva's grace]
 17703 | D:15     | Reached skill level 5 in Shields
 18110 | D:15     | Reached XP level 16. HP: 153/165 MP: 15/15
 18128 | D:15     | Found a staircase to the Depths.
 18435 | Swamp:1  | Entered Level 1 of the Swamp
 18917 | Swamp:4  | Entered Level 4 of the Swamp
 18931 | Swamp:4  | Reached skill level 10 in Shields
 19133 | Swamp:4  | Lost mutation: You have sharp toenails. [Jiyva's grace]
 19133 | Swamp:4  | Lost mutation: Your mind is very acute. (Int +8, Str/Dex
                  | -2) [Jiyva's grace]
 19133 | Swamp:4  | Gained mutation: Your flesh is heat resistant. (rF+)
                  | [Jiyva's grace]
 19133 | Swamp:4  | Gained mutation: Your flesh is very heat resistant. (rF++)
                  | [Jiyva's grace]
 19133 | Swamp:4  | Gained mutation: Your flesh is almost immune to the effects
                  | of heat. (rF+++) [Jiyva's grace]
 19133 | Swamp:4  | Gained mutation: Your melee attacks may engulf your foes in
                  | ooze. [Jiyva's grace]
 19192 | Swamp:4  | Found a basalt altar of Yredelemnul.
 19207 | Swamp:4  | Reached skill level 21 in Fighting
 19240 | Swamp:4  | Found a blossoming altar of Fedhas.
 19240 | Swamp:4  | Noticed a thorn hunter
 19244 | Swamp:4  | Noticed a thorn hunter
 19254 | Swamp:4  | Killed a thorn hunter
 19329 | Swamp:4  | Killed a thorn hunter
 19334 | Swamp:4  | Got a mossy gem with 981 turns to spare
 19342 | Swamp:4  | Got a decaying rune of Zot
 19497 | Spider:1 | Entered Level 1 of the Spider Nest
 19800 | Depths:1 | Entered Level 1 of the Depths
 19809 | Depths:1 | Reached skill level 15 in Armour
 19814 | Depths:1 | Found an ancient bone altar of Kikubaaqudgha.
 19872 | Depths:1 | Reached XP level 17. HP: 165/173 MP: 16/16
 19916 | Depths:1 | Found a corrupted altar of Lugonu.
 19917 | Depths:1 | Found a one-way gate to the infinite horrors of the Abyss.
 19925 | Depths:1 | Voluntarily entered the Abyss.
 19925 | Abyss:1  | Found a corrupted altar of Lugonu.
 20043 | Abyss:2  | Found a corrupted altar of Lugonu.
 20061 | Abyss:2  | Found a corrupted altar of Lugonu.
 20068 | Abyss:2  | Found a corrupted altar of Lugonu.
 20070 | Abyss:2  | Found a corrupted altar of Lugonu.
 20261 | Abyss:3  | Noticed a bone dragon
 20274 | Abyss:3  | Killed a bone dragon
 20390 | Abyss:3  | Found a corrupted altar of Lugonu.
 20397 | Abyss:3  | Noticed a tentacled monstrosity
 20397 | Abyss:3  | Noticed a tentacled monstrosity
 20406 | Abyss:3  | Killed a tentacled monstrosity
 20410 | Abyss:3  | Killed a tentacled monstrosity
 20422 | Abyss:3  | Found a corrupted altar of Lugonu.
 20440 | Abyss:3  | Got an abyssal rune of Zot
 20463 | Abyss:3  | Found a corrupted altar of Lugonu.
 20533 | Abyss:4  | Noticed a bone dragon
 20549 | Abyss:4  | Killed a bone dragon
 20550 | Abyss:4  | Reached skill level 22 in Fighting
 20553 | Depths:1 | Escaped the Abyss
 20624 | Depths:1 | Noticed Boris
 20637 | Depths:1 | Killed Boris
 20893 | Depths:2 | Noticed Boris
 20923 | Depths:2 | Killed Boris
 21016 | Depths:2 | Reached skill level 15 in Dodging
 21019 | Depths:2 | Reached XP level 18. HP: 132/185 MP: 17/17
 21082 | Depths:3 | Noticed a golden dragon
 21105 | Depths:3 | Killed a golden dragon
 21181 | Depths:4 | Entered Level 4 of the Depths
 21213 | Depths:4 | Lost mutation: You are mostly covered in large bone plates.
                  | (SH +6) [Jiyva's grace]
 21213 | Depths:4 | Lost mutation: You are somewhat resistant to both further
                  | mutation and mutation removal. [Jiyva's grace]
 21213 | Depths:4 | Gained mutation: Your system is resistant to poisons.
                  | (rPois) [Jiyva's grace]
 21213 | Depths:4 | Gained mutation: Your spells are a little harder to cast,
                  | but a little more powerful. [Jiyva's grace]
 21213 | Depths:4 | Gained mutation: Your spells are harder to cast, but more
                  | powerful. [Jiyva's grace]
 21213 | Depths:4 | Gained mutation: Your spells are much harder to cast, but
                  | much more powerful. [Jiyva's grace]
 21221 | Depths:4 | Reached skill level 23 in Fighting
 21255 | Depths:4 | Found a gate to the Realm of Zot.
 21255 | Depths:4 | Noticed a golden dragon
 21268 | Depths:4 | Killed a golden dragon
 21295 | Depths:4 | Got a midnight gem with 2214 turns to spare
 21297 | Zot:1    | Entered Level 1 of the Realm of Zot
 21327 | Zot:1    | Noticed a tentacled monstrosity
 21346 | Zot:1    | Killed a tentacled monstrosity
 21391 | Zot:2    | Noticed a tentacled monstrosity
 21421 | Zot:3    | Noticed a curse toe
 21478 | Zot:3    | Lost mutation: You are somewhat resistant to further
                  | mutation. [potion of mutation]
 21478 | Zot:3    | Lost mutation: Your flesh is almost immune to the effects
                  | of heat. (rF+++) [potion of mutation]
 21478 | Zot:3    | Lost mutation: You have very sharp teeth. [potion of
                  | mutation]
 21478 | Zot:3    | Lost mutation: You are partially covered in large bone
                  | plates. (SH +4) [potion of mutation]
 21478 | Zot:3    | Gained mutation: You possess an exceptional clarity of
                  | mind. [potion of mutation]
 21485 | Zot:3    | Noticed a tentacled monstrosity
 21488 | Zot:3    | Killed a curse toe
 21495 | Zot:3    | Killed a tentacled monstrosity
 21611 | Zot:4    | Found a viscous altar of Jiyva.
 21684 | Zot:4    | Noticed a golden dragon
 21696 | Zot:4    | Killed a golden dragon
 21697 | Zot:4    | Reached XP level 19. HP: 144/197 MP: 18/18
 21705 | Zot:5    | Entered Level 5 of the Realm of Zot
 21789 | Zot:5    | Reached skill level 24 in Fighting
 21803 | Zot:5    | Got a prismatic gem with 561 turns to spare
 21888 | Zot:5    | Noticed an orb of fire
 21900 | Zot:5    | Lost mutation: You are very agile. (Dex +8, Str/Int -2) [an
                  | orb of fire]
 21904 | Zot:5    | Killed an orb of fire
 21905 | Zot:5    | Noticed an orb of fire
 21914 | Zot:5    | Killed an orb of fire
 21918 | Zot:5    | Noticed an orb of fire
 21918 | Zot:5    | Noticed an orb of fire
 21918 | Zot:5    | Noticed a dread lich
 21918 | Zot:5    | Noticed a Killer Klown
 21918 | Zot:5    | Noticed a dread lich
 21918 | Zot:5    | Noticed a Killer Klown
 21918 | Zot:5    | Noticed a dread lich
 21919 | Zot:5    | Noticed an orb of fire
 21940 | Zot:5    | Gained mutation: You are weak. (Str -2) [an orb of fire]
 21946 | Zot:5    | Gained mutation: You occasionally lose the ability to drink
                  | potions when taking damage. [an orb of fire]
 21948 | Zot:5    | Killed an orb of fire
 21973 | Zot:5    | Killed an orb of fire
 21980 | Zot:5    | Gained mutation: Your body sometimes deteriorates upon
                  | taking damage. [an orb of fire]
 21984 | Zot:5    | Killed an orb of fire
 21989 | Zot:5    | Killed a dread lich
 21997 | Zot:5    | Killed a dread lich
 22003 | Zot:5    | Killed a dread lich
 22015 | Zot:5    | Killed a Killer Klown
 22017 | Zot:5    | Noticed a dread lich
 22017 | Zot:5    | Noticed a dread lich
 22022 | Zot:5    | Paralysed by a dread lich for 2 turns
 22029 | Zot:5    | Killed a dread lich
 22048 | Zot:5    | Killed a dread lich
 22064 | Zot:5    | Noticed a dread lich
 22072 | Zot:5    | Killed a Killer Klown
 22096 | Zot:5    | Killed a dread lich
 22097 | Zot:5    | Reached skill level 25 in Fighting
 22102 | Zot:5    | Reached XP level 20. HP: 155/210 MP: 1/19
 22154 | Zot:5    | Noticed an ancient lich
 22173 | Zot:5    | Killed an ancient lich
 22260 | Zot:5    | Noticed a golden dragon
 22277 | Zot:5    | Slimified a golden dragon
 22277 | Zot:5    | a golden dragon changed into an acid blob
 22521 | Zot:5    | Got the Orb of Zot
 22652 | Zot:4    | Noticed Yfuorufaj the pandemonium lord
 22860 | Depths:1 | Found a gateway to Hell.
 22862 | Depths:1 | Noticed Koohi the pandemonium lord
 23042 | D:12     | Noticed a profane servitor
 23251 | D:$      | Escaped with the Orb!

Illustrated notes

Levels and vault maps discovered:
D:1:      minmay_arrival_five_plusses, layout_loops_ring,
          hellmonk_ecumenical_altar_zigzags, minmay_surrounded
D:2:      layout_loops_ring
D:3:      layout_basic, lemuel_tele_altar, nicolae_dithmenos_the_darkroom,
          led_sif_book, serial_park_tiny_1
D:4:      minmay_skewed_foursquare, layout_gridville,
          nicolae_ossuary_entry_giza, hangedman_decor_peaks_small
D:5:      wad_pebble_path, layout_cave_pods, ebering_ghost_reflecting_pool,
          uniq_eustachio
D:6:      layout_layer_cave, nicolae_ru_path_of_blood,
          nicolae_hepliaklqana_hippocampus, minmay_temple_entry_large_hall,
          lightli_sewer_entry_pipes, minmay_misc_feat_cross,
          nicolae_eternal_life, uniq_edmund
D:7:      kennysheep_steamy, layout_gridville,
          mainiacjoe_overflow_six_doors_small
D:8:      layout_loops_ring, amcnicky_mini_pool_medium
D:9:      layout_loops_ring, pdpol_wu_jian_five_deadly_venoms, orc_0_dummy
D:10:     layout_long_grid, grunt_temple_overflow_lords_of_destruction,
          mainiacjoe_overflow_tiny_flanked, minmay_lair_entry_grove, minmay_puff
D:11:     layout_loops_cross, serial_shops, nicolae_shop_tiny_waterfront,
          minmay_between
D:12:     layout_rooms, serial_library_hellmonk_room_c, kennysheep_windowed_goal
D:13:     layout_irregular_city, david_vaults_5
D:14:     minmay_ornate_pinched, layout_basic, serial_shops,
          nicolae_shop_real_fake_doors, serial_curves, eino_curves_02,
          eino_curves_04, old_standard_altar, uniq_frances
D:15:     gammafunk_enter_depths_forms, layout_basic
Lair:1:   layout_gridlike, gammafunk_ghost_berserking_beasts, basic_altar,
          beast_lair_carwin_6
Lair:2:   dpeg_oklob_gauntlet, layout_cave_shapes,
          portal_ice_cave_demonic_guard, serial_bayou_shore_b,
          lemuel_fruit_fields
Lair:3:   layout_gridlike, swamp_mist, spider_nest_entry_webs,
          kennysheep_abandoned_house
Lair:4:   layout_regular_city, slime_entry_1, infiniplex_staircase_pool,
          serial_bayou_shore_b, grunt_megastairs_5
Lair:5:   hangedman_lair_caniforms_friends, layout_small_grid, uniq_snorg,
          uniq_josephine
Swamp:1:  gammafunk_mikee_crab_dinner, layout_basic_swamp,
          hangedman_swamp_ruin_wall, swamp_pool_1_2,
          nicolae_swamp_stuck_in_the_mud
Swamp:2:  layout_falls_marsh, serial_swamp_ruin, evilmike_swamp_ruin_house_3,
          hangedman_swamp_ruin_hall, nicolae_swamp_decorative_isthmus
Swamp:3:  layout_basic_swamp, evilmike_swamp_ruin_house_6, st_swamp_ruins_4,
          infiniplex_staircase_pool_2, nicolae_swamp_tree_isthmus
Swamp:4:  byrel_swamp_growth_death_and_undeath, layout_basic_swamp,
          swamp_pool_1_2
Spider:1: layout_spider_delve
Slime:1:  layout_caves
Slime:2:  layout_caves
Slime:3:  layout_caves, dissolution_awaits
Slime:4:  nicolae_slime_jelly_donut, layout_caves
Slime:5:  slime_pit_nicolae_royal_road_to_ruin
Orc:1:    layout_caves, blackcustard_mines_bat_river, uniq_nergalle
Orc:2:    pubby_orc_utopia
Depths:1: layout_gridlike, pan_entry, hell_entry, abyss_entry_flame_altar,
          minmay_holes, kiku_gazebo_pond_becter, uniq_boris
Depths:2: hangedman_cross_cluster, layout_small_grid, rand_demon_pan_entry_5,
          abyss_entry, hell_entry, nicolae_the_louvre,
          hangedman_abyss_or_decor_jellyfish_corner, laboratory, uniq_josephina
Depths:3: four-leaf_vault, layout_cave_pools, enter_ziggurat_a, abyss_entry,
          nemelex_xobeh_ov_fountains_minmay, hell_entry, nicolae_shop_vocational
Depths:4: grunt_zot_entry_tricorne, layout_honeycomb, pan_entry,
          serial_sigils_hangedman_clutch, abyss_entry_crystal, pf_coc_iceberg,
          serial_library_regret_index_split_case,
          hangedman_decor_clover_reticule, bh_walls_and_bars, uniq_sojobo
Zot:1:    layout_basic, nrook_zot_tub
Zot:2:    kennysheep_oblong_rooms, layout_gridlike,
          regret_index_zotdec_gossamer_gf, uniq_parghit
Zot:3:    layout_twisted_circle, hangedman_zot_decor_checkerboard
Zot:4:    layout_basic, regret_index_zotdec_slimy_original, grunt_megastairs_2
Zot:5:    layout_misc_corridors

Skill      XL: |  1  2  3  4  5  6  7  8  9 10 11 12 13 14 15 16 17 18 19 20 |
---------------+-------------------------------------------------------------+-----
Axes           | 4 5 6 7 8 9 11 12 14 16 17 18 | 18.4
Fighting       | 4 6 10 12 14 16 17 19 20 21 22 23 25 | 25.7
Armour         | 2 4 8 12 14 15 17 18 20 21 | 21.2
Dodging        | 5 8 10 12 13 15 16 18 19 | 19.1
Evocations     | 3 6 |  6.1
Shields        | 5 12 | 12.0

Action                     |  1- 3 |  4- 6 |  7- 9 | 10-12 | 13-15 | 16-18 | 19-21 || total
---------------------------+-------+-------+-------+-------+-------+-------+-------++-------
  Melee: Hand axe          |    35 |   111 |    37 |       |       |       |       ||   183
         Headbutt          |     8 |    31 |    76 |   120 |   170 |   264 |   127 ||   796
         War axe           |       |       |   211 |   397 |       |       |       ||   608
         Bite              |       |       |       |    44 |    91 |   143 |       ||   278
         Broad axe         |       |       |       |    18 |   683 |   859 |   456 ||  2016
         Kick              |       |       |       |       |   180 |       |       ||   180
  Throw: Throwing net      |       |       |       |       |       |       |     1 ||     1
 Invoke: Oozemancy         |       |       |     1 |     2 |     1 |     2 |     6 ||    12
         Slimify           |       |       |       |     3 |       |       |     4 ||     7
  Evoke: Lightning rod     |       |       |       |       |       |     2 |     4 ||     6
         Wand              |       |       |       |       |       |     1 |     5 ||     6
    Use: Scroll            |       |     4 |     1 |     2 |    13 |    17 |    10 ||    47
         Potion            |       |       |       |     3 |       |    16 |    18 ||    37
   Stab: Petrified         |       |       |       |     7 |       |       |       ||     7
         Distracted        |       |       |       |       |     5 |    17 |     3 ||    25
         Invisible         |       |       |       |       |       |    28 |       ||    28
         Held in net/web   |       |       |       |       |       |       |     1 ||     1
 Armour: Robe              |    21 |     2 |       |       |       |       |       ||    23
         Ring mail         |       |    73 |    84 |       |       |       |       ||   157
         Scale mail        |       |       |    50 |       |       |       |       ||    50
         Chain mail        |       |       |    25 |    53 |       |       |       ||    78
         Plate armour      |       |       |       |   280 |   171 |   485 |   299 ||  1235
         Ice dragon scales |       |       |       |    52 |   280 |       |       ||   332
  Dodge: Dodged            |    21 |    64 |   115 |   164 |   460 |   507 |   211 ||  1542
  Block: Kite shield       |       |       |       |       |    61 |   682 |   216 ||   959
